 Dungeon Crawl Stone Soup version 0.31-a0-75-g6fe912e8c5 (webtiles) character file.

Game seed: 1865127883816556503

112 dreadwin the Conjurer (level 4, -5/33 HPs)
             Began as a Draconian Conjurer on Oct 20, 2022.
             Killed by divine providence
             ... invoked by an orc priest
              (11 damage)
             ... on level 5 of the Dungeon on May 24, 2023.
             The game lasted 00:10:48 (3575 turns).

dreadwin the Conjurer (Draconian Conjurer)          Turns: 3575, Time: 00:10:52

Health: -5/33      AC:  6    Str:  9    XL:     4   Next: 63%
Magic:  0/8        EV: 12    Int: 21    God:
Gold:   204        SH:  0    Dex:  9    Spells: 2/8 levels left

rFire   . . .        i - staff of earth
rCold   . . .        (no shield)
rNeg    + . .        (body armour unavailable)
rPois   .            (helmet restricted)
rElec   .            (no cloak)
rCorr   .            (no gloves)
SInv    .            r - +0 pair of boots
Will    .....        (no amulet)
Stlth   ++           d - ring of positive energy
HPRegen 0.25/turn    (no ring)
MPRegen 0.11/turn

%: no passive effects
@: no status effects
A: AC +5, unfitting armour, cold-blooded
a: no special abilities


You were on level 5 of the Dungeon.
You visited 1 branch of the dungeon, and saw 5 of its levels.

You collected 204 gold pieces.

Inventory:

Hand Weapons
 b - a +1 club
Missiles
 j - 2 poisoned darts
Armour
 r - a +0 pair of boots (worn)
Magical Staves
 i - a staff of earth (weapon)
Jewellery
 d - a ring of positive energy (left hand)
Scrolls
 c - a scroll of poison {unknown}
 g - a scroll of enchant weapon
 h - a scroll of noise {unknown}
 k - a scroll of fear {unknown}
 n - a scroll of amnesia
 p - a scroll of teleportation {unknown}
 q - 3 scrolls of identify
 s - a scroll of blinking {unknown}
Potions
 a - a potion of magic
 e - a potion of haste {unknown}
 f - 4 potions of berserk rage
 l - 2 potions of degeneration
 m - 2 potions of heal wounds {unknown}
 o - a potion of invisibility {unknown}


   Skills:
 * Level 1.3 Staves
 + Level 1.8 Dodging
 + Level 2.2 Stealth
 * Level 2.9 Spellcasting
 + Level 5.0 Conjurations
 * Level 0.8 Earth Magic


You had 2 spell levels left.
You knew the following spells:

 Your Spells              Type           Power      Damage    Failure   Level
a - Magic Dart            Conj           96%        1d7       1%          1
b - Searing Ray           Conj           48%        2d6       2%          2
c - Dazzling Flash        Conj/Hex       24%        N/A       17%         3

Your spell library contained the following spells:

 Spells                   Type           Power      Damage    Failure   Level
 Frozen Ramparts          Ice            6%         1d1       38%         3
 Fulminant Prism          Conj/Hex       6%         3d6       50%         4
 Iskenderun's Mystic Bla  Conj/Tloc      12%        2d5       50%         4
 Ice Form                 Ice/Tmut       1%         N/A       83%         4
 Summon Ice Beast         Ice/Summ       1%         N/A       83%         4


Dungeon Overview and Level Annotations

Branches:
Dungeon (5/15)
 Temple: D:4-7

Altars:


Innate Abilities, Weirdness & Mutations

Your plain brown scales are hard. (AC +5)
You cannot fit into any form of body armour.
You are cold-blooded and may be slowed by cold attacks.


Message History

The orc priest misses you.
Things that are here:
a +0 club; a +0 chain mail You hit the orc priest.
You hit the orc priest but do no damage.
The orc priest is lightly wounded.
The orc priest hits you with a +0 hand axe.
You hit the orc priest but do no damage. x2
The orc priest is lightly wounded.
The orc priest closely misses you.
You hit the orc priest but do no damage.
You barely miss the orc priest. The orc priest barely misses you.
You barely miss the orc priest.
You hit the orc priest but do no damage.
The orc priest closely misses you.
You hit the orc priest. x2; Your tail-slap misses the orc priest.
The orc priest is lightly wounded.
The orc priest mumbles some strange prayers to Beogh against you.
You barely resist. You barely miss the orc priest.
You tail-slap the orc priest, but do no damage.
You hit the orc priest but do no damage.
The orc priest is lightly wounded.
The orc priest hits you but does no damage.
The orc priest casts a cantrip, but nothing happens.
You hit the orc priest. x2
The orc priest is heavily wounded.
The orc priest invokes the aid of Beogh against you.
Beogh smites you!
* * * LOW HITPOINT WARNING * * *
Casting: Magic Dart (safe; 1% risk of failure)
Confirm with . or Enter, or press ? or * to list all spells.
Aiming: Magic Dart (safe; 1% risk of failure)
Press: ? - help, Shift-Dir - straight line, f - orc priest
Aim: an orc priest, wielding a +0 hand axe (heavily wounded, 100% to hit)
The magic dart hits the orc priest.
The orc priest is almost dead.
The orc priest invokes the aid of Beogh against you.
Beogh smites you!
You die...

# #.#
..
#.####
#.o@<#
######


You could see an orc priest.

Vanquished Creatures
  4 adders
  3 worms
  2 dart slugs
  2 orcs
  4 endoplasms
  3 giant cockroaches (D:1)
  9 goblins
  6 hobgoblins
  3 quokkas
  12 ball pythons
  A bat (D:2)
  5 frilled lizards
  4 kobolds
  5 rats
63 creatures vanquished.

Notes
Turn   | Place    | Note
-------+----------+-------------------------------------------
     0 | D:1      | dreadwin the Draconian Conjurer began the quest for the
                  | Orb.
     0 | D:1      | Reached XP level 1. HP: 14/14 MP: 3/3
   288 | D:1      | Reached XP level 2. HP: 20/20 MP: 3/5
   305 | D:1      | Learned a level 2 spell: Searing Ray
  1513 | D:2      | Reached XP level 3. HP: 26/26 MP: 3/6
  1701 | D:2      | You fall into a shaft and drop 1 floor!
  2522 | D:3      | Reached XP level 4. HP: 33/33 MP: 4/7
  2665 | D:3      | Reached skill level 1 in Staves
  2669 | D:3      | Learned a level 3 spell: Dazzling Flash
  3165 | D:3      | Upgraded the game from 0.30-a0-304-gdc4b735fe1 to
                  | 0.31-a0-75-g6fe912e8c5
  3295 | D:3      | Reached skill level 5 in Conjurations
  3560 | D:5      | Entered Level 5 of the Dungeon
  3575 | D:5      | Killed from afar by an orc priest

Illustrated notes

Levels and vault maps discovered:
D:1:      saegor_arrival_miasma, layout_loops_corners
D:2:      layout_loops_ring
D:3:      layout_loops_ring, minmay_goblin_outpost
D:4:      minmay_razor_zed, layout_cave_pools, nemelex_diamond_rough_becter
D:5:      cheibrodos_fertilizer, layout_basic, grunt_gozag_statues,
          minmay_temple_entry_mist

Skill      XL: |  1  2  3  4 |
---------------+-------------+-----
Stealth        | 2 |  2.2
Staves         | 1 |  1.3
Conjurations   | 5 |  5.0
Dodging        | |  1.8
Spellcasting   | |  2.9
Earth Magic    | |  0.8

Action                     |  1- 3 |  4- 6 || total
---------------------------+-------+-------++-------
  Melee: Club              |     2 |       ||     2
         Tailslap          |     1 |     3 ||     4
         Staff             |     7 |    34 ||    41
   Cast: Magic Dart        |    56 |    35 ||    91
         Searing Ray       |    14 |     2 ||    16
         Dazzling Flash    |       |     3 ||     3
    Use: Scroll            |     4 |       ||     4
   Stab: Invisible         |       |     1 ||     1
 Armour: Skin              |     6 |    17 ||    23
  Dodge: Dodged            |    19 |    33 ||    52

Table legend: (Time is in decaauts)
 A = Elapsed time spent in this place.
 B = Non-inter-level travel time spent in this place.
 C = Inter-level travel time spent in this place.
 D = Time resting spent in this place.
 E = Time spent auto-exploring this place.
 F = Levels seen in this place.
 G = Mean time per level.
                   A        B        C        D        E       F      G
               +--------+--------+--------+--------+--------+-----+--------+
         Total |   3576 |   3576 |      0 |      0 |   2870 |   5 |  715.2 |
       Dungeon |   3576 |   3576 |      0 |      0 |   2870 |   5 |  715.2 |
               +--------+--------+--------+--------+--------+-----+--------+

Top non-repeatable levels by time:
     D:1: 1507 daAuts
     D:3: 1041 daAuts
     D:2: 923 daAuts
     D:4: 88 daAuts
     D:5: 16 daAuts
